 Dungeon Sprint DCSS version 0.21-a0-94-gdd6ab6a (webtiles) character file.

10 Kidiri the Sneak (level 2, -1/14 HPs)
             Began as a Spriggan Enchanter on July 1, 2017.
             Slain by a tyrant leech (15 damage)
             ... in the Dungeon (Sprint II: "The Violet Keep of Menkaure").
             The game lasted 00:01:35 (122 turns).

Kidiri the Sneak (Spriggan Enchanter)                Turns: 122, Time: 00:01:36

Health: -1/14      AC:  2    Str:  4    XL:     2   Next: 10%
Magic:  0/7        EV: 19    Int: 16    God:
Gold:   243        SH:  0    Dex: 16    Spells: 4/7 levels left

rFire    . . .     SeeInvis +   a - +1 dagger
rCold    . . .     Gourm    .   (shield restricted)
rNeg     . . .     Faith    .   b - +0 robe
rPois    .         Spirit   .   (helmet restricted)
rElec    .         Reflect  .   (no cloak)
rCorr    .         Harm     .   (gloves unavailable)
MR       .....     NoTele   +   (boots unavailable)
Stlth    +++.......             (no amulet)
HPRegen  0.04/turn              (no ring)
MPRegen  0.10/turn              (no ring)

@: very quick
A: unfitting armour, see invisible, herbivore 3, speed 3, slow metabolism 2
a: no special abilities


You were in the Dungeon.
You were not hungry.

You visited 1 branch You collected 243 gold pieces.

Inventory:

Hand Weapons
 a - a +1 dagger (weapon)
Armour
 b - a +0 robe (worn)
Scrolls
 j - a scroll of blinking
Potions
 e - a potion of curing
 f - a potion of heal wounds
 g - a potion of haste
 h - 2 potions of magic
Books
 c - a book of Maledictions

   Spells                             Type                      Level
   a - Corona                         Hexes                        1
   b - Ensorcelled Hibernation        Hexes/Ice                    2
   c - Confuse                        Hexes                        3
   d - Tukima's Dance                 Hexes                        3
   e - Dazzling Spray                 Conjuration/Hexes            3
Comestibles
 d - a bread ration


   Skills:
 + Level 0.5 Fighting
 * Level 1.9 Short Blades
 + Level 1.0 Armour
 * Level 3.7 Dodging
 * Level 5.6 Stealth
 * Level 3.2 Spellcasting
 + Level 3.9 Hexes


You had 4 spell levels left.
You knew the following spells:

 Your Spells              Type           Power        Failure   Level  Hunger
a - Corona                Hex            ###....      3%          1    None
b - Ensorcelled Hibernat  Hex/Ice        #.....       12%         2    ##.....


Dungeon Overview and Level Annotations

Branches:
Dungeon (1/1)

Altars:


Innate Abilities, Weirdness & Mutations

You are very small and have problems with some larger weapons.
You are too small for most types of armour.
You have supernaturally acute eyesight. (SInv)
You are a herbivore.
You cover ground extremely quickly.
You need consume almost no food.


Message History

Aim: a tyrant leech (chance to defeat MR: 23%)
The tyrant leech resists with almost no effort.
The tyrant leech barely misses you. The tyrant leech closely misses you.
Unknown command.
Casting: Ensorcelled Hibernation
Confirm with . or Enter, or press ? or * to list all spells.
Aiming: Ensorcelled Hibernation
Press: ? - help, Shift-Dir - straight line, f/p - tyrant leech
Aim: a tyrant leech (chance to defeat MR: 23%)
The tyrant leech resists with almost no effort.
The tyrant leech closely misses you. The tyrant leech barely misses you.
Casting: Ensorcelled Hibernation
Confirm with . or Enter, or press ? or * to list all spells.
Aiming: Corona
Press: ? - help, Shift-Dir - straight line, f/p - tyrant leech
Aim: a tyrant leech (chance to defeat MR: 34%)
The tyrant leech resists with some effort.
The tyrant leech bites you!
Ouch! That really hurt!
You die...

## ## ##.
.## .m#..
### ... #
##w###+# 3#
#.@.##.##.#
+.##w†<.+#
###.##.###
#.###'# ###
$#. .. ..
##. .## ##
##


You could see 2 tyrant leeches.

Vanquished Creatures
  3 worms (D)
3 creatures vanquished.

Notes
Turn   | Place    | Note
-------+----------+-------------------------------------------
     0 | D        | Kidiri the Spriggan Enchanter began the quest for the Orb.
     0 | D        | Reached XP level 1. HP: 9/9 MP: 5/5
     1 | D        | Noticed a merfolk siren
     5 | D        | Noticed a tyrant leech
     5 | D        | Noticed a tyrant leech
    18 | D        | Noticed a neqoxec
    26 | D        | Reached skill level 5 in Stealth
    35 | D        | Reached skill level 1 in Armour
    35 | D        | Reached XP level 2. HP: 14/14 MP: 7/7
    43 | D        | Learned a level 2 spell: Ensorcelled Hibernation
   122 | D        | Slain by a tyrant leech

Vault maps used:
D:        the_violet_keep_of_menkaure

Skill      XL: |  1 |
---------------+----+-----
Stealth        | 5 |  5.6
Spellcasting   | 3 |  3.2
Armour         | 1 |  1.0
Fighting       | |  0.5
Short Blades   | |  1.9
Dodging        | |  3.7
Hexes          | |  3.9

Action                   || total
-------------------------++-------
Melee: Dagger            ||    12
 Cast: Ensorcelled Hiber ||     3
       Corona            ||     3
  Use: Potion            ||     1
 Stab: Sleeping          ||     1
Armor: Robe              ||     1
Dodge: Dodged            ||     9
